 Dungeon Crawl Stone Soup version 0.19.1-1-g22dce08 (webtiles) character file.

352 sveltemanboy the Conjurer (level 6, -1/67 HPs)
             Began as a Draconian Wizard on Jan 4, 2017.
             Was a Follower of Vehumet.
             Slain by a quokka (5 damage)
             ... summoned by Eustachio
             ... on level 4 of the Dungeon.
             The game lasted 00:13:34 (4553 turns).

sveltemanboy the Conjurer (Draconian Wizard)        Turns: 4553, Time: 00:13:35

Health: -1/67      AC:  6    Str: 14    XL:     6   Next: 34%
Magic:  1/10       EV: 12    Int: 21    God:    Vehumet [*.....]
Gold:   185        SH:  0    Dex:  9    Spells: 4 memorised, 2 levels left

rFire  . . .     SeeInvis .     j - +0 short sword
rCold  . . .     Gourm    .     (armour unavailable)
rNeg   . . .     Faith    .     (no shield)
rPois  .         Spirit   .     a - +0 hat
rElec  .         Reflect  .     (no cloak)
rCorr  .         Harm     .     (no gloves)
MR     .....                    (no boots)
Stlth  ..........               (no amulet)
                                (no ring)
                                (no ring)

@: berserking (expiring), very quick
A: unfitting armour, cold-blooded, AC +6
a: Renounce Religion


You were on level 4 of the Dungeon.
You worshipped Vehumet.
Vehumet was aware of your devotion.
You were hungry.

You visited 1 branch of the dungeon, and saw 4 of its levels.

You collected 185 gold pieces.

Inventory:

Hand Weapons
 j - a +0 short sword (weapon)
Armour
 a - a +0 hat (worn)
Jewellery
 r - an uncursed ring of ice
Wands
 s - a wand of slowing (23/48)
 y - a wand of teleportation (3/9)
 A - a wand of random effects (0/48)
Scrolls
 e - a scroll of fog {unknown}
 g - a scroll of enchant weapon {unknown}
 h - 4 scrolls of identify {unknown}
 i - 3 scrolls of amnesia {unknown}
 l - a scroll of recharging {unknown}
 n - 3 scrolls of teleportation {unknown}
 o - 2 scrolls of immolation {unknown}
 q - a scroll of blinking {unknown}
 v - 2 scrolls of remove curse {unknown}
Potions
 p - a potion of brilliance {unknown}
 t - a potion of heal wounds {unknown}
 u - 2 potions of degeneration {unknown}
 x - a potion of invisibility {unknown}
Books
 b - a book of Minor Magic

   Spells                             Type                      Level
   a - Magic Dart                     Conjuration                  1
   b - Blink                          Translocation                2
   c - Call Imp                       Summoning                    2
   d - Repel Missiles                 Charms/Air                   2
   e - Slow                           Hexes                        2
   f - Conjure Flame                  Conjuration/Fire             3
   g - Mephitic Cloud                 Conjuration/Poison/Air       3
Comestibles
 c - 2 bread rations
 f - 3 meat rations
 w - a beef jerky


   Skills:
 - Level 1.7 Dodging
 - Level 1.7 Stealth
 - Level 3.0 Spellcasting
 * Level 5.3 Conjurations
 + Level 3.7 Summonings
   Level 1.0 Translocations


You had 2 spell levels left.
You knew the following spells:

 Your Spells              Type           Power        Failure   Level  Hunger
a - Magic Dart            Conj           ####         1%          1    None
b - Call Imp              Summ           ###.....     6%          2    ##.....
c - Mephitic Cloud        Conj/Pois/Air  ##......     21%         3    ###....
d - Conjure Flame         Conj/Fire      ##......     17%         3    ###....


Dungeon Overview and Level Annotations

Branches:
Dungeon (4/15)             Temple (0/1) D:4

Altars:
Makhleb
Nemelex Xobeh
Ru
Trog
Vehumet
Xom
Zin

Annotations:
D:2 Sigmund
D:4 Eustachio


Innate Abilities, Weirdness & Mutations

Your plain brown scales are hard. (AC +6)
You cannot fit into any form of body armour.
You are cold-blooded and may be slowed by cold attacks.


Message History

You barely miss Eustachio.
Eustachio is almost dead.
Your crimson imp hits the bat.
The bat dies!
The bat's corpse disappears in a puff of smoke!
The quokka closely misses you. x2
Unknown command.
You miss Eustachio.
Eustachio is almost dead.
Eustachio casts a spell.
Eustachio blinks!
The shadow imp hits you but does no damage.
Your crimson imp blinks!
The quokka misses you. The quokka closely misses you.
Eustachio barely misses you.
Your crimson imp closely misses Eustachio.
You closely miss Eustachio.
Eustachio is almost dead.
The quokka bites you.
You die...

#........... #.....
#................#.....
#................#.....
#..(.............#.....
#########.....5.........#>...#
##......##.......§......#####+#
#........#......5.......##....#
#........#..§r5@§..............
#........'..5r@...)............
#........#...5r................
#(.......#......>..............
#......##......[.............#
##......##....................#
#..............................
#...................(...##....#
#.......................###'###
#........................#....#


You could see Eustachio, an iron imp, a shadow imp, an ufetubus, 3 quokkas and 2
friendly crimson imps.

Vanquished Creatures
  A bullfrog skeleton (D:4)
  Natasha (D:3)
  2 worker ants (D:4)
  An orc wizard (D:3)
  4 adders
  A worm (D:2)
  A dart slug (D:1)
  2 leopard geckos
  3 orcs (D:3)
  4 goblins
  9 hobgoblins
  2 jackals (D:2)
  A ball python (D:4)
  6 bats
  4 frilled lizards
  7 kobolds
  6 rats
55 creatures vanquished.

Vanquished Creatures (collateral kills)
  A centaur skeleton (D:4)
  2 orc priests (D:3)
  A bullfrog skeleton (D:3)
  An iguana (D:4)
  Natasha (twice) (D:3)
  A worker ant (D:3)
  An adder (D:4)
  A worm (D:3)
  3 orcs (D:3)
  A giant cockroach (D:3)
  A goblin (D:2)
  A jackal (D:2)
  A bat (D:3)
17 creatures vanquished.

Grand Total: 72 creatures vanquished

Notes
Turn   | Place    | Note
-------+----------+-------------------------------------------
     0 | D:1      | sveltemanboy the Draconian Wizard began the quest for the Orb.
     0 | D:1      | Reached XP level 1. HP: 14/14 MP: 4/4
   351 | D:1      | Reached skill level 2 in Conjurations
   490 | D:1      | Reached XP level 2. HP: 20/20 MP: 0/6
   561 | D:1      | Learned a level 2 spell: Call Imp
  1547 | D:2      | Found a glowing silver altar of Zin.
  1550 | D:2      | Noticed an angel
  1563 | D:2      | Found a shimmering altar of Xom.
  1714 | D:2      | Found a burning altar of Makhleb.
  1720 | D:2      | Found a sparkling altar of Nemelex Xobeh.
  1720 | D:2      | Found a bloodstained altar of Trog.
  1720 | D:2      | Found a radiant altar of Vehumet.
  1731 | D:2      | Became a worshipper of Vehumet
  1843 | D:2      | Noticed Sigmund
  2042 | D:2      | Reached XP level 3. HP: 26/26 MP: 5/7
  2047 | D:2      | Learned a level 3 spell: Mephitic Cloud
  2219 | D:3      | Reached skill level 3 in Conjurations
  2660 | D:3      | Noticed Natasha
  2667 | D:3      | Killed Natasha
  2667 | D:3      | Reached XP level 4. HP: 24/33 MP: 1/8
  2677 | D:3      | Noticed Natasha
  2685 | D:3      | Killed Natasha
  2939 | D:3      | Reached skill level 4 in Conjurations
  3044 | D:3      | Reached XP level 5. HP: 37/38 MP: 4/9
  3051 | D:3      | Learned a level 3 spell: Conjure Flame
  3149 | D:3      | Noticed Natasha
  3155 | D:3      | Killed Natasha
  3266 | D:3      | Found a sacrificial altar of Ru.
  3279 | D:3      | Reached * piety under Vehumet
  3279 | D:3      | Offered knowledge of Shock by Vehumet.
  4241 | D:4      | Reached XP level 6. HP: 45/45 MP: 5/10
  4288 | D:4      | Reached skill level 5 in Conjurations
  4445 | D:4      | Found a staircase to the Ecumenical Temple.
  4486 | D:4      | Noticed Eustachio
  4553 | D:4      | Slain by a quokka

Skill      XL: |  1  2  3  4  5  6 |
---------------+-------------------+-----
Conjurations   | 2 3 4 5 |  5.3
Summonings     | 2 3 |  3.7
Dodging        | |  1.7
Stealth        | |  1.7
Spellcasting   | |  3.0
Translocations | |  1.0

Action                   |  1- 3 |  4- 6 || total
-------------------------+-------+-------++-------
Melee: Unarmed           |     6 |       ||     6
       Short sword       |    26 |    76 ||   102
       Tailslap          |       |     4 ||     4
 Cast: Magic Dart        |    66 |    62 ||   128
       Call Imp          |    10 |    25 ||    35
       Mephitic Cloud    |       |     1 ||     1
Evoke: Wand              |       |     8 ||     8
  Use: Potion            |       |     7 ||     7
 Stab: Distracted        |       |     2 ||     2
  Eat: Chunk             |     5 |     7 ||    12
Armor: Skin              |    11 |   138 ||   149
Dodge: Dodged            |    19 |   107 ||   126
